 Dungeon Crawl Stone Soup version 0.15.2 (webtiles) character file.

101 RottenBandages the Insei (level 4, -4/35 HPs)
             Began as a Mummy Monk on Oct 28, 2015.
             Killed by divine providence
             ... invoked by an orc priest
              (13 damage)
             ... on Level 3 of the Dungeon.
             The game lasted 00:02:27 (2463 turns).

RottenBandages the Insei (Mummy Monk)               Turns: 2463, Time: 00:02:27

HP  -4/35        AC  3     Str 14      XL: 4   Next: 48%
MP   4/4         EV 12     Int  9      God:
Gold 125         SH  0     Dex 15      Spells:  0 memorised,  3 levels left

rFire  x . .     SeeInvis .       - Unarmed
rCold  + . .     Clarity  .     f - +0 leather armour
rNeg   + + +     rCorr    .     (no shield)
rPois  +         rRot     +     (no helmet)
rElec  .         Spirit   .     (no cloak)
SustAb .         Warding  .     (no gloves)
rMut   .         Stasis   .     (no boots)
Gourm  .                        (no amulet)
MR     .....                    (no ring)
                                (no ring)

@: not resistant to hostile enchantments, unstealthy
A: no food or potions, fire vulnerability, restore body, cold resistance 1,
negative energy resistance 3, poison resistance, torment resistance, unbreathing
a: no special abilities


You were on level 3 of the Dungeon.
You were not hungry.

You visited 1 branch of the dungeon, and saw 3 of its levels.

You collected 125 gold pieces.


Innate Abilities, Weirdness & Mutations

You do not eat or drink.
Your flesh is vulnerable to fire.
Your flesh is cold resistant.
You are immune to negative energy.
Your system is resistant to poisons.
You are immune to unholy pain and torment.
You can survive without breathing.


   Skills:
 - Level 3.0 Fighting
 - Level 2.4 Dodging
 - Level 1.5 Stealth
 + Level 4.9 Unarmed Combat


You had 3 spell levels left.
You didn't know any spells.

Inventory:

Missiles
 g - 3 curare-tipped needles {=f}
 j - 16 poisoned needles
Armour
 a - a +0 robe
 f - a +0 leather armour (worn)
Scrolls
 b - a scroll of immolation {unknown}
 c - 3 scrolls of identify {unknown}
 d - a scroll of remove curse {unknown}
 e - 3 scrolls of teleportation {unknown}
 h - a scroll of fear {unknown}
 i - 2 scrolls of enchant armour {unknown}

Dungeon Overview and Level Annotations

Branches:
Dungeon (3/15)

Altars:

## ## ..#. .# #...
♣♣P.S #..P.♣.♣.
#....♣PP #......##
.####.P ♣M£#
.....P♣♣♣♣lr#
#..#..P♣P£.S#
#...#.....#.#
.####...#..P....#
.........#..o..###
#.#.....))..####
#...........#
##.........#


You could see an orc priest, 2 adders, a giant gecko and a quokka.


Message History

The adder is heavily wounded.
The quokka bites you. The adder closely misses you.
You miss the adder.
The adder is heavily wounded.
The adder bites you.
* * * LOW HITPOINT WARNING * * *
The quokka bites you.
* * * LOW HITPOINT WARNING * * *
The giant gecko closely misses you. The adder closely misses you.
The quokka barely misses you. The adder bites you.
* * * LOW HITPOINT WARNING * * *
The quokka bites you but does no damage.
The quokka closely misses you.
Found 12 gold pieces.
The adder bites you.
* * * LOW HITPOINT WARNING * * *
The adder bites the plant but does no damage.
The orc priest glows brightly for a moment.
The giant gecko bites you but does no damage.
The quokka twitches its whiskers.
Unknown command.
The orc priest's eyes start to glow.
The orc priest's eyes start to glow.
The quokka closely misses you.
The orc priest invokes the aid of Beogh against you.
You are unaffected.
The orc priest calls down the wrath of Beogh upon you.
Something smites you!
You die...

Action                   |  1- 3 |  4- 6 || total
-------------------------+-------+-------++-------
Melee: Unarmed           |   147 |    62 ||   209
 Stab: Sleeping          |     1 |     1 ||     2

Vault maps used:
D:1:      dpeg_arrival_tiny_f
D:3:      serial_forest, infiniplex_forest_clump_double,
          infiniplex_forest_clump_double, infiniplex_forest_corner_1,
          infiniplex_forest_straight_2

Notes
Turn   | Place    | Note
--------------------------------------------------------------
     0 | D:1      | RottenBandages, the Mummy Monk, began the quest for the Orb.
     0 | D:1      | Reached XP level 1. HP: 18/18 MP: 1/1
   354 | D:1      | Reached XP level 2. HP: 9/24 MP: 2/2
   894 | D:2      | Reached skill level 4 in Unarmed Combat
   954 | D:2      | Reached XP level 3. HP: 9/29 MP: 3/3
  1711 | D:2      | Reached XP level 4. HP: 18/35 MP: 4/4
  2463 | D:3      | Killed from afar by an orc priest

Vanquished Creatures
  5 adders
  A giant mite (D:2)
  A giant gecko (D:1)
  3 orcs (D:3)
  3 bats
  2 giant cockroaches
  8 hobgoblins
  3 giant newts
  9 goblins
  3 jackals
  4 kobolds
  4 rats
46 creatures vanquished.
